[Event "*** Titled Tuesday Blitz"]
[Site "Chess.com"]
[Date "2020.10.27"]
[Round "9"]
[White "GMBenjaminBok"]
[Black "Onischuk_V"]
[Result "0-1"]
[WhiteElo "2934"]
[BlackElo "2827"]
[TimeControl "180+1"]
[EndTime "11:45:06 PDT"]
[Termination "Onischuk_V won by resignation"]

1. d4 d6 2. Nf3 g6 3. e4 Bg7 4.
Be3 Nf6 5. Nc3 O-O 6. h3 d5 7. e5 Ne4 8. Nxe4 dxe4 9. Ng5 c5 10. c3 cxd4 11. cxd4 Qa5+ 12. Qd2 Qxd2+ 13. Kxd2 Nc6 14.
Bc4 h6 15. Nxe4 Rd8 16. Kc3 Bf5 17. Ng3 Rac8 18. Nxf5 gxf5 19. a4 f4 20. Bxf4 Nxd4 21. Bh2 b5 22. axb5 Nxb5+ 23. Kb4 Nd4 24. Ra4 e6 25. Kc3 Nc6 26. f4 Bf8 27. Rc1 a5 28. Bg1 Bb4+ 29. Kb3 Nd4+ 30. Ka2 Ne2 31. Bxe2 Rxc1 32. Bb6 Rd2 33. Bf3 Rcc2 34. Kb3 Rxb2+ 35. Kc4 Rdc2+ 36. Kd3 Rc3+ 37. Kd4 Rd2+ 38. Ke4 Rc4+ 39.
Ke3 Rb2 40. Bxa5 Bc5+ 41. Kd3 Rxa4 0-1

[Event "*** Titled Tuesday Blitz"]
[Site "Chess.com"]
[Date "2020.10.27"]
[Round "9"]
[White "DenisQ"]
[Black "maximnovik"]
[Result "1/2-1/2"]
[WhiteElo "2635"]
[BlackElo "2521"]
[TimeControl "180+1"]
[EndTime "11:45:10 PDT"]
[Termination "Game drawn by agreement"]

1. Nf3 Nf6 2. c4 g6 3. Nc3 Bg7 4. g3 c5 5. Bg2 d5 6. cxd5 Nxd5 7.
O-O O-O 8. d3 Nxc3 9. bxc3 Bxc3 10. Rb1 Bg7 11. Be3 Nd7 12. d4 cxd4 13. Nxd4 Nb6 14.
Nb5 Nc4 15. Qxd8 Rxd8 16. Bc5 Bf5 17. Rbc1 Nd2 18. Rfd1 Bb2 19. Bxe7 Rd7 20. Rc7 Nf3+ 21. Bxf3 Rxd1+ 22. Kg2 Rc8 23. Rxc8+ Bxc8 24. Nxa7 Be6 25. a4 Bd5 26. Nb5 Bxf3+ 27. Kxf3 f5 28. Nd6 Ba3 29.
Nxf5 gxf5 30. Bxa3 Ra1 31. Bd6 Rxa4 32. h3 h5 33. Ke3 Kf7 34. Kd3 Ke6 35. Bf8 b5 36. f3 Kd5 37. Be7 Rd4+ 38. Kc3 Rd1 39. g4 hxg4 40.
fxg4 fxg4 41. hxg4 Rg1 42. g5 Rg4 43. Kb3 Ke6 44.
Bf6 b4 45. e3 Kd5 46. Bd4 Rxg5 47. Kxb4 1/2-1/2

[Event "*** Titled Tuesday Blitz"]
[Site "Chess.com"]
[Date "2020.10.27"]
[Round "9"]
[White "Zmof"]
[Black "Caterpiller35"]
[Result "1-0"]
[WhiteElo "2227"]
[BlackElo "2457"]
[TimeControl "180+1"]
[EndTime "11:45:10 PDT"]
[Termination "Zmof won on time"]

1. e4 c5 2. Nf3 Nc6 3. d4 cxd4 4. Nxd4 e5 5. Nb5 d6 6. N1c3 a6 7. Na3 b5 8. Nd5 Nge7 9. c3 Nxd5 10. Qxd5 Qc7 11.
Nc2 Be6 12. Qd3 Rd8 13. Ne3 Be7 14. Be2 O-O 15. O-O Qb7 16. a4 Rb8 17. axb5 axb5 18. b4 Rfd8 19. Bb2 Bg5 20. Rfd1 Bxe3 21. Qxe3 d5 22.
exd5 Bxd5 23. Bf3 Bxf3 24. Qxf3 Qc7 25. g3 Rxd1+ 26. Rxd1 Rd8 27. Rd5 Rxd5 28. Qxd5 Qb6 29. c4 bxc4 30. Qxc4 h5 31. b5 Na7 32. Bxe5 Nxb5 33. Qd5 Qa5 34. Kg2 Qb4 35. Bf4 h4 36. Qd8+ 1-0

[Event "*** Titled Tuesday Blitz"]
[Site "Chess.com"]
[Date "2020.10.27"]
[Round "9"]
[White "Samantha_Ross"]
[Black "beto-betun"]
[Result "1-0"]
[WhiteElo "2302"]
[BlackElo "2195"]
[TimeControl "180+1"]
[EndTime "11:45:15 PDT"]
[Termination "Samantha_Ross won on time"]

1. Nf3 Nf6 2. g3 g6 3. Bg2 Bg7 4. O-O O-O 5. c4 d6 6. Nc3 c6 7.
d4 Nbd7 8. b3 Re8 9. Bb2 e5 10.
dxe5 dxe5 11. Qc2 Qe7 12. Nd2 a5 13. a3 Nf8 14. Rfd1 Ne6 15. e3 h5 16. Nce4 Nxe4 17.
Nxe4 Nc5 18. h4 Nxe4 19. Bxe4 Be6 20. c5 Red8 21. b4 axb4 22. axb4 Rxa1 23. Rxa1 Qd7 24. Bc3 Bc4 25. Bf3 Bb5 26. Rd1 Qe7 27. Rxd8+ Qxd8 28. Be4 Qd7 29. Qb2 Qe6 30. Kh2 Kf8 31. Qd2 Ke7 32.
Bg2 Qd7 33. Qb2 Qe6 34. f4 f6 35. Bh3 Qd5 36. Bg2 Qe6 37. Qa1 Ba6 38. Qa5 Qd7 39.
Bh3 Qd8 40. fxe5 1-0

[Event "*** Titled Tuesday Blitz"]
[Site "Chess.com"]
[Date "2020.10.27"]
[Round "9"]
[White "wannabe2700"]
[Black "GMJustin"]
[Result "1-0"]
[WhiteElo "2746"]
[BlackElo "2336"]
[TimeControl "180+1"]
[EndTime "11:45:17 PDT"]
[Termination "wannabe2700 won on time"]

1. d4 Nf6 2. Bf4 d5 3. e3 c5 4. c3 Qb6 5. Qb3 Nc6 6. Nd2 c4 7. Qc2 Nh5 8. Bg5 h6 9. Bh4 g5 10. Bg3 Bg7 11. b3 Nxg3 12. hxg3 cxb3 13. axb3 e5 14. Ngf3 e4 15. Nh2 Be6 16. Be2 Rc8 17. Qb2 O-O 18. g4 Ne7 19. Nhf1 f5 20. gxf5 Nxf5 21. g3 a6 22. Nh2 Qc7 23. Rc1 Nxe3 24. fxe3 Qxg3+ 25. Kd1 Qg2 26. Bg4 Bxg4+ 27. Kc2 Be2 28.
Rcg1 Bd3+ 29. Kc1 Qe2 30. Ng4 1-0

[Event "*** Titled Tuesday Blitz"]
[Site "Chess.com"]
[Date "2020.10.27"]
[Round "9"]
[White "MattyDPerrine"]
[Black "albano87"]
[Result "1-0"]
[WhiteElo "2490"]
[BlackElo "2317"]
[TimeControl "180+1"]
[EndTime "11:45:17 PDT"]
[Termination "MattyDPerrine won by resignation"]

1. e4 c5 2. Nf3 Nc6 3. Bb5 d6 4.
O-O Bd7 5. Re1 Nf6 6. c3 a6 7. Bf1 Bg4 8. h3 Bxf3 9. Qxf3 e5 10. a4 Be7 11. Na3 O-O 12. Nc4 b5 13. axb5 axb5 14. Rxa8 Qxa8 15. Na3 b4 16. Nc4 Nd8 17. d3 Ne6 18. g3 Qc6 19. h4 Nd7 20. Bh3 Nb6 21. Ne3 c4 22. Nd5 Bd8 23. Be3 Qb5 24. Bxb6 Bxb6 25.
dxc4 Qa6 26. Bxe6 bxc3 27. bxc3 Ba5 28. Ra1 Qb7 29. Bf5 Bd8 30. Qd3 g6 31. Bh3 Qb2 32. Ra7 Bb6 33. Nxb6 Qb1+ 34. Qxb1 1-0

[Event "*** Titled Tuesday Blitz"]
[Site "Chess.com"]
[Date "2020.10.27"]
[Round "9"]
[White "chesstrainer2042"]
[Black "Ze-Pequeno"]
[Result "1-0"]
[WhiteElo "2420"]
[BlackElo "2318"]
[TimeControl "180+1"]
[EndTime "11:45:18 PDT"]
[Termination "chesstrainer2042 won on time"]

1. d4 Nf6 2. c4 Nc6 3. Nc3 e5 4. d5 Ne7 5. g3 Ng6 6. Bg2 Bc5 7. e3 d6 8. Nge2 a5 9. a3 h5 10. h3 h4 11. g4 Qe7 12. Qc2 O-O 13. Bd2 Bd7 14. b3 c6 15. Qb2 cxd5 16. cxd5 b5 17. O-O Rfc8 18. b4 axb4 19. axb4 Bb6 20. Rxa8 Rxa8 21. Ra1 Qd8 22. Ne4 Nxe4 23. Bxe4 Ne7 24. Bg2 Qc8 25. Nc3 g6 26. Rxa8 Qxa8 27. Ne4 Kg7 28.
Nxd6 f6 29. g5 Qb8 30. gxf6+ Kxf6 31. Ne4+ Kf7 32. d6 Nc6 33. Qb3+ Kg7 34. Bc3 Qxd6 35. Nxd6 1-0

[Event "*** Titled Tuesday Blitz"]
[Site "Chess.com"]
[Date "2020.10.27"]
[Round "9"]
[White "akanga001"]
[Black "Sergienko_Sergey"]
[Result "0-1"]
[WhiteElo "1926"]
[BlackElo "2333"]
[TimeControl "180+1"]
[EndTime "11:45:18 PDT"]
[Termination "Sergienko_Sergey won on time"]

1. d4 Nf6 2. c4 c5 3. d5 e5 4.
Nc3 d6 5. e4 Be7 6. Bd3 Nbd7 7.
Nf3 Nf8 8. g3 Ng6 9. h4 h6 10.
h5 Nf8 11. Nh4 N8h7 12. Nf5 O-O 13. Be3 a6 14. g4 b5 15. f3 bxc4 16. Bxc4 Rb8 17.
Qd2 Bxf5 18. gxf5 Ne8 19. O-O-O Bg5 20. Rdg1 Nc7 21. f4 exf4 22. Bxf4 Nb5 23. Bxg5 Nxg5 24. Nxb5 axb5 25. Bd3 Qf6 26. Bb1 Rfe8 27. Re1 Nf3 28. Qg2 Nxe1 29. Rxe1 Qg5+ 30. Qxg5 hxg5 0-1

[Event "*** Titled Tuesday Blitz"]
[Site "Chess.com"]
[Date "2020.10.27"]
[Round "9"]
[White "Quiet_Desperation"]
[Black "ARTHURMOTIVATOR"]
[Result "0-1"]
[WhiteElo "2038"]
[BlackElo "2371"]
[TimeControl "180+1"]
[EndTime "11:45:19 PDT"]
[Termination "ARTHURMOTIVATOR won by resignation"]

1. d4 Nf6 2. Nf3 g6 3. Nc3 d5 4. Bg5 Bg7 5. Qd2 c6 6. O-O-O b5 7. Bh6 O-O 8. Bxg7 Kxg7 9. h4 h5 10. Ne5 a5 11. f3 a4 12. e3 b4 13. Ne2 b3 14. a3 bxc2 15. Qxc2 Bf5 16. Qc3 Qd6 17. Ng3 Be6 18. Bd3 Nbd7 19. Bc2 Rfc8 20. Nxd7 Bxd7 21. f4 c5 22. Kb1 Rab8 23. f5 Qxg3 24.
fxg6 fxg6 25. Rhf1 c4 26. Rf3 Qd6 27. Rdf1 Rb3 28. Bxb3 cxb3 29. Qa5 Bf5+ 30. Rxf5 gxf5 31. Qxa4 Ne4 32. Rd1 Qb6 33. Qd7 Rc7 34. Qxf5 Qc6 35. Qe5+ Nf6 36. Qg3+ Kf7 37. Qf2 Qc2+ 0-1

[Event "*** Titled Tuesday Blitz"]
[Site "Chess.com"]
[Date "2020.10.27"]
[Round "9"]
[White "Qvalda"]
[Black "Semetey"]
[Result "0-1"]
[WhiteElo "2393"]
[BlackElo "2554"]
[TimeControl "180+1"]
[EndTime "11:45:20 PDT"]
[Termination "Semetey won on time"]

1. e4 e5 2. Nf3 Nc6 3. Bc4 Bc5 4. b4 Bxb4 5. c3 Ba5 6. d4 exd4 7. O-O Nf6 8. e5 d5 9. exf6 dxc4 10. fxg7 Rg8 11. Re1+ Be6 12. Bg5 Qd5 13. Bf6 Qf5 14. Bxd4 O-O-O 15. Nbd2 Bd5 16. Qa4 Bb6 17. Bxb6 cxb6 18. Re3 Rxg7 19.
Rae1 Qh3 20. g3 h5 21. Nxc4 Rg4 22. Nxb6+ axb6 23. Qa8+ Kc7 24. Re7+ Nxe7 25. Rxe7+ Rd7 26. Rxd7+ Kxd7 27. Ne5+ Kc7 28. f3 Rg5 29. Qe8 Qe6 30. Qb5 Rxe5 0-1

[Event "*** Titled Tuesday Blitz"]
[Site "Chess.com"]
[Date "2020.10.27"]
[Round "9"]
[White "chessmachine14"]
[Black "pfalcon1949"]
[Result "1-0"]
[WhiteElo "2342"]
[BlackElo "2025"]
[TimeControl "180+1"]
[EndTime "11:45:20 PDT"]
[Termination "chessmachine14 won by resignation"]

1. e4 c6 2. d4 d5 3. e5 Bf5 4. Nf3 e6 5. Be2 Nd7 6. O-O c5 7. c3 h6 8. Na3 Qb6 9. Nc2 Bxc2 10. Qxc2 Rc8 11. Qa4 Ne7 12. Be3 Nc6 13. Rab1 Be7 14. Rfd1 O-O 15. c4 dxc4 16. Bxc4 Rfd8 17. b4 cxd4 18. Nxd4 Qc7 19. Nb5 Qxe5 20. g3 a6 21. Nd4 b5 22. Qxa6 Nxb4 23. Rxb4 bxc4 24. Rxc4 Rxc4 25. Qxc4 Nf8 26. Rb1 Qa5 27. Nc6 Qc7 28.
Bb6 Qd7 29. Nxe7+ Qxe7 30. Bxd8 Qxd8 31. a4 Qf6 32. a5 Qf5 33. Qb5 Qf3 34. a6 Ng6 35.
Qb7 Nf4 36. Qxf3 1-0

[Event "*** Titled Tuesday Blitz"]
[Site "Chess.com"]
[Date "2020.10.27"]
[Round "9"]
[White "pavelalexandru07"]
[Black "zurzan"]
[Result "1-0"]
[WhiteElo "2347"]
[BlackElo "2053"]
[TimeControl "180+1"]
[EndTime "11:45:21 PDT"]
[Termination "pavelalexandru07 won by checkmate"]

1. e4 Nf6 2. e5 Nd5 3. d4 d6 4. Nf3 g6 5. Be2 Bg7 6. O-O O-O 7. a3 Bg4 8. h3 Bxf3 9. Bxf3 dxe5 10. dxe5 c6 11.
Re1 e6 12. b3 Nd7 13. Bb2 Qc7 14. c4 Ne7 15. Qe2 Rad8 16. Nd2 Nf5 17. b4 Nb6 18.
Rad1 Na4 19. Ba1 c5 20. b5 Nd4 21. Qe4 b6 22. Rc1 Nxf3+ 23. Nxf3 Bh6 24. Rcd1 Rxd1 25.
Rxd1 Rd8 26. Qc2 Rxd1+ 27. Qxd1 a6 28. Qxa4 axb5 29. cxb5 c4 30. Qc2 Bf4 31. a4 f6 32.
exf6 e5 33. g3 Qb7 34. Qxc4+ Kf8 35. gxf4 Qxf3 36. Qc8+ Kf7 37. Qd7+ Kxf6 38. Bxe5# 1-0

[Event "*** Titled Tuesday Blitz"]
[Site "Chess.com"]
[Date "2020.10.27"]
[Round "9"]
[White "vanyakuba"]
[Black "MomchilPetkov"]
[Result "0-1"]
[WhiteElo "2510"]
[BlackElo "2640"]
[TimeControl "180+1"]
[EndTime "11:45:22 PDT"]
[Termination "MomchilPetkov won on time"]

1. e4 g6 2. d4 Bg7 3. Nc3 c6 4. Be3 d5 5. Nf3 dxe4 6. Nxe4 Nf6 7. Nxf6+ exf6 8. Be2 O-O 9. O-O Nd7 10. c4 Nb6 11.
Qd2 Be6 12. b3 Qd7 13. Rad1 Rfe8 14. Rfe1 Rad8 15. h3 Bf5 16. a4 Be4 17. a5 Na8 18. Qb4 Bf8 19. Qa4 Nc7 20. d5 cxd5 21.
Bxa7 Qxa4 22. bxa4 Bb4 23. Rf1 Bxa5 24. cxd5 Rxd5 25.
Bc4 Rxd1 26. Rxd1 Bc6 27. Nd4 Bxa4 28. Ra1 Re1+ 29. Rxe1 Bxe1 30. Bb6 Bc3 31. Nf3 Na8 32. Bd8 b5 33. Bd3 f5 34. Kf1 b4 35. Ne1 b3 36.
Bb1 Bb5+ 37. Nd3 Kf8 38. Ke2 Ke8 39. Bg5 Nb6 40. Kd1 Nd5 41. Bc1 Bd4 42. f3 Nc3+ 0-1

[Event "*** Titled Tuesday Blitz"]
[Site "Chess.com"]
[Date "2020.10.27"]
[Round "9"]
[White "Resignify"]
[Black "mohssenbinaddi"]
[Result "0-1"]
[WhiteElo "2178"]
[BlackElo "2093"]
[TimeControl "180+1"]
[EndTime "11:45:22 PDT"]
[Termination "mohssenbinaddi won on time"]

1. e4 c6 2. d4 d5 3. Nd2 g6 4. Ngf3 Bg7 5. e5 Bf5 6. Nh4 Be6 7. Bd3 c5 8. c3 Nc6 9. Nhf3 Bg4 10. h3 Bxf3 11. Nxf3 e6 12. O-O Nge7 13. a3 c4 14. Bc2 Qc7 15. Bd2 a6 16. b4 cxb3 17.
Bxb3 Na5 18. Ba2 O-O 19. Rc1 Nc4 20. Bxc4 Qxc4 21. Qc2 Rac8 22. Rfe1 Nc6 23. Qb2 b5 24. Red1 Rc7 25. Be3 Rfc8 26. g3 Na5 27. Qb4 Nb3 28. Rc2 a5 29. Qxc4 Rxc4 30. Rd3 Bf8 31. Nd2 Nxd2 32. Bxd2 Bxa3 33. Ra2 b4 34. cxb4 axb4 35. Kg2 Rc2 36. Rxc2 Rxc2 37. Be3 h5 38. h4 Rc3 39. Rd1 b3 40. Bd2 Rd3 41. Rb1 Rxd2 42. Rxb3 Bb2 0-1

[Event "*** Titled Tuesday Blitz"]
[Site "Chess.com"]
[Date "2020.10.27"]
[Round "9"]
[White "Arseniy_Nesterov"]
[Black "amintabatabaei"]
[Result "0-1"]
[WhiteElo "2802"]
[BlackElo "2897"]
[TimeControl "180+1"]
[EndTime "11:45:23 PDT"]
[Termination "amintabatabaei won by resignation"]

1. d4 b6 2. c4 Bb7 3. Nc3 e6 4. e4 Bb4 5. Bd3 Nc6 6. Ne2 e5 7. d5 Nd4 8. O-O Nxe2+ 9. Nxe2 Bc5 10. b3 d6 11. a3 a5 12. Bb2 Ne7 13. Qd2 b5 14.
cxb5 O-O 15. Nc3 f5 16. Na4 Ba7 17. Bc3 fxe4 18. Bxe4 Rf4 19. Rae1 Qd7 20. Qd3 h6 21. Bd2 Rxe4 22. Rxe4 Bxd5 23. Rh4 Qe6 24. Bxa5 Ng6 25.
Rg4 Nf4 26. Rxf4 exf4 27. Bxc7 f3 28. Nc3 Bb7 29. Qxd6 Qf5 30. Qg3 fxg2 31. Re1 Rf8 32. Be5 Bxf2+ 0-1

[Event "*** Titled Tuesday Blitz"]
[Site "Chess.com"]
[Date "2020.10.27"]
[Round "9"]
[White "PowerThinking2650"]
[Black "MVM2008"]
[Result "1-0"]
[WhiteElo "2386"]
[BlackElo "2234"]
[TimeControl "180+1"]
[EndTime "11:45:23 PDT"]
[Termination "PowerThinking2650 won on time"]

1. e4 e5 2. Nf3 Nc6 3. Nc3 Nf6 4. d4 exd4 5. Nxd4 g6 6. Nxc6 bxc6 7. e5 Qe7 8. Qe2 Nd5 9. Ne4 Bg7 10. c4 Ba6 11.
Bg5 Qxe5 12. Nf6+ Bxf6 13. Qxe5+ Bxe5 14. cxd5 Bxf1 15. Kxf1 cxd5 16. Re1 O-O 17. Rxe5 f6 18. Rxd5 fxg5 19. Rxd7 c5 20. g3 Rab8 21. b3 c4 22.
bxc4 Rb2 23. Kg2 Rfxf2+ 24. Kh3 Rxa2 25. Rb1 Rxh2+ 26. Kg4 Rhb2 27. Rbd1 Rb8 28. Kxg5 Ra5+ 29. R1d5 Rxd5+ 30. cxd5 a5 31. Ra7 1-0

[Event "*** Titled Tuesday Blitz"]
[Site "Chess.com"]
[Date "2020.10.27"]
[Round "9"]
[White "RobertoJBM"]
[Black "FloMaster111"]
[Result "1-0"]
[WhiteElo "2794"]
[BlackElo "2626"]
[TimeControl "180+1"]
[EndTime "11:45:24 PDT"]
[Termination "RobertoJBM won by resignation"]

1. d4 d5 2. c4 e6 3. Nc3 Nf6 4. cxd5 exd5 5. Bg5 c6 6. e3 Bd6 7. Bd3 O-O 8. Qc2 h6 9. Bh4 a5 10. Nge2 Na6 11. a3 Re8 12. Bg3 Nc7 13. O-O Ne6 14.
Rab1 Bxg3 15. Nxg3 c5 16. dxc5 Nxc5 17. Nge2 Nxd3 18.
Qxd3 Be6 19. Nd4 Qb6 20. Qb5 Qxb5 21. Ncxb5 Rec8 22. Rbc1 Ne8 23. Rfd1 Kf8 24. f3 Ke7 25. Kf2 Rxc1 26. Rxc1 Kd7 27. Ke2 Rc8 28. Rxc8 Kxc8 29. f4 b6 30. f5 Bd7 31. Nc3 Nf6 32. h3 h5 33. g3 Kc7 34. Kf3 g6 35. Kf4 gxf5 36.
Ke5 Ne8 37. Nxd5+ Kb7 38. Nxf5 Be6 39. e4 Kc6 40. Nd4+ Kc5 41. b4+ axb4 42. axb4+ Kc4 43. Nxb6+ Kxb4 44. Nxe6 fxe6 45. Kxe6 Kc5 46. Nd7+ Kd4 47. e5 Nc7+ 48. Kf5 Kd5 49. Nf6+ Kd4 50. Nxh5 Nd5 51.
Nf4 Ne3+ 52. Kf6 Nf1 53. e6 1-0

[Event "*** Titled Tuesday Blitz"]
[Site "Chess.com"]
[Date "2020.10.27"]
[Round "9"]
[White "Chernobay_Artem"]
[Black "Shahinyan_ChessMood"]
[Result "1-0"]
[WhiteElo "2627"]
[BlackElo "2748"]
[TimeControl "180+1"]
[EndTime "11:45:25 PDT"]
[Termination "Chernobay_Artem won by resignation"]

1. d4 Nf6 2. c4 c5 3. d5 g6 4.
Nc3 Bg7 5. e4 d6 6. Nf3 O-O 7.
h3 e6 8. Bd3 exd5 9. cxd5 b5 10.
Nxb5 Nxe4 11. O-O Ba6 12. a4 Bxb5 13. axb5 Nf6 14. Bc4 Nbd7 15. Ra6 Nb6 16. b3 Re8 17. Qd3 Qd7 18. Bf4 Re4 19. Bg5 Rae8 20. Rfa1 Nfxd5 21.
Bxd5 Nxd5 22. Qxd5 Bxa1 23. Rxa1 Qxb5 24. Rxa7 R4e6 25.
Bh6 Qb6 26. Rb7 Qa5 27. Kh2 R6e7 28. Qc6 Qa8 29. Qxd6 Qxb7 30. Qf6 Qc7+ 31. g3 1-0

[Event "*** Titled Tuesday Blitz"]
[Site "Chess.com"]
[Date "2020.10.27"]
[Round "9"]
[White "sopo-tereladze"]
[Black "TST2014"]
[Result "0-1"]
[WhiteElo "2313"]
[BlackElo "2474"]
[TimeControl "180+1"]
[EndTime "11:45:25 PDT"]
[Termination "TST2014 won by resignation"]

1. e4 c5 2. Nf3 Nc6 3. Bb5 g6 4.
Bxc6 dxc6 5. d3 Bg7 6. O-O Nf6 7. Nc3 O-O 8. Be3 b6 9. h3 Nd7 10. Qd2 e5 11. Bh6 Qe7 12. Nh2 Nf6 13. Bg5 Qd6 14.
Kh1 Nh5 15. Ne2 f6 16. Bh6 g5 17. Bxg7 Kxg7 18. Ng3 Nf4 19. Ne2 Kh8 20. Nxf4 gxf4 21. Qe2 Rg8 22. Qh5 Be6 23. Ng4 Rg5 24. Qh4 Bxg4 25. hxg4 Rag8 26. f3 R8g6 27. Kg1 h5 28. Rf2 Kg7 29. gxh5 Rh6 30. Qh3 Rgxh5 31. Qg4+ Kf7 32.
Kf1 Rh1+ 33. Ke2 Rxa1 34. Qc8 Rxa2 35. Qb7+ Qe7 36. Qxc6 Rxb2 37. Qd5+ Qe6 38. Qb7+ Kg6 39. Kd2 Qb3 40. Ke1 Rb1+ 41. Kd2 Qb4+ 0-1

[Event "*** Titled Tuesday Blitz"]
[Site "Chess.com"]
[Date "2020.10.27"]
[Round "9"]
[White "ShcufNaiRolf"]
[Black "winniethepooh04"]
[Result "0-1"]
[WhiteElo "2316"]
[BlackElo "2231"]
[TimeControl "180+1"]
[EndTime "11:45:25 PDT"]
[Termination "winniethepooh04 won on time"]

1. e4 c5 2. Nf3 d6 3. d4 cxd4 4. Nxd4 Nf6 5. Nc3 a6 6. h4 Nc6 7. Be3 Ng4 8. Nxc6 bxc6 9. Bf4 Qb6 10. Qd2 g6 11. Na4 Qa7 12. f3 Ne5 13. h5 Bg7 14. hxg6 Nxg6 15. Be3 c5 16. Bh6 Be5 17. f4 Bf6 18. O-O-O Rb8 19. e5 Nxe5 20. fxe5 Bxe5 21. Bc4 Rb4 22. b3 Qb8 23. Qd3 Rxa4 24. bxa4 Qb2+ 25.
Kd2 Qb4+ 26. Ke2 Bg4+ 27. Kf2 Bd4+ 28. Kg3 Be5+ 29. Kxg4 Rg8+ 30. Kh5 Rg3 31. Qxh7 Qxc4 0-1

[Event "*** Titled Tuesday Blitz"]
[Site "Chess.com"]
[Date "2020.10.27"]
[Round "9"]
[White "AnnaChessLook"]
[Black "Nathan_Filgueiras"]
[Result "0-1"]
[WhiteElo "2236"]
[BlackElo "2427"]
[TimeControl "180+1"]
[EndTime "11:45:25 PDT"]
[Termination "Nathan_Filgueiras won by checkmate"]

1. d4 Nf6 2. c4 e6 3. Nf3 b6 4. a3 Bb7 5. Nc3 d5 6. Bg5 Be7 7. Bxf6 Bxf6 8. cxd5 exd5 9. Qb3 O-O 10. Rd1 Nd7 11. e3 Re8 12. Bd3 g6 13. O-O Bg7 14.
Rfe1 Nf6 15. Bb1 a6 16. Ba2 h5 17. e4 Nxe4 18. Nxe4 dxe4 19. Qxf7+ Kh7 20. Ne5 Qf6 21.
Qxc7 Re7 22. Qc3 Rf8 23. Re2 Qg5 24. Nc4 b5 25. Ne3 Bh6 26. Qc5 Qf6 27. d5 Bf4 28. g3 Bd6 29. Qd4 Qf3 30. Red2 Bc8 31. Bb1 Bh3 32.
Qb6 Rf6 33. Qd8 Ref7 34. b4 Qxe3 35. fxe3 Rf1+ 36. Rxf1 Rxf1# 0-1

[Event "*** Titled Tuesday Blitz"]
[Site "Chess.com"]
[Date "2020.10.27"]
[Round "9"]
[White "MaxLeto"]
[Black "elohunter1999"]
[Result "0-1"]
[WhiteElo "2346"]
[BlackElo "2510"]
[TimeControl "180+1"]
[EndTime "11:45:26 PDT"]
[Termination "elohunter1999 won by checkmate"]

1. g4 d5 2. Bg2 c6 3. g5 e5 4. d4 e4 5. c4 h6 6. h4 hxg5 7. Bxg5 Be7 8. Qd2 Nf6 9. Nc3 Be6 10. O-O-O Nbd7 11. f3 exf3 12. Nxf3 dxc4 13. e4 Qa5 14. d5 Bg4 15. e5 Nxd5 16. Nxd5 Qxd2+ 17. Rxd2 cxd5 18. Rxd5 Bxf3 19. Bxf3 Bxg5+ 20. hxg5 Rxh1+ 21. Bxh1 O-O-O 22. Bf3 Nb6 23. Rxd8+ Kxd8 24. Bxb7 Nd7 25. g6 Nxe5 26. gxf7 Nxf7 27. Bd5 Ne5 28. Kd2 g5 29.
Ke3 Ke7 30. Kd4 Kd6 31. a4 g4 32. a5 Nc6+ 33. Bxc6 Kxc6 34. Kxc4 g3 35. b4 g2 36. b5+ Kb7 37. a6+ Kb6 38. Kb4 g1=Q 39. Ka3 Qb1 40.
Ka4 Kc5 41. Ka3 Kc4 42. Ka4 Qa2# 0-1

[Event "*** Titled Tuesday Blitz"]
[Site "Chess.com"]
[Date "2020.10.27"]
[Round "9"]
[White "BilodeauA"]
[Black "exoticprincess"]
[Result "1-0"]
[WhiteElo "2923"]
[BlackElo "2869"]
[TimeControl "180+1"]
[EndTime "11:45:27 PDT"]
[Termination "BilodeauA won by checkmate"]

1. e4 c6 2. Nf3 d5 3. d3 Bg4 4. h3 Bxf3 5. Qxf3 e6 6. Nd2 Nd7 7. g3 g6 8. Bg2 Bg7 9. O-O Ne7 10.
c3 O-O 11. d4 dxe4 12. Nxe4 Nd5 13. h4 N7f6 14. Bg5 h6 15. Bd2 Nxe4 16. Qxe4 h5 17. Rad1 a5 18. c4 Nf6 19. Qd3 Qb6 20. Bc3 Rfd8 21. Rd2 Bh6 22. Re2 Bg7 23. Rd1 Ng4 24. Bf3 Ne5 25. Qe4 Nxc4 26. g4 Nd6 27. Qf4 hxg4 28. Bxg4 Qb5 29. d5 cxd5 30. h5 gxh5 31.
Bxg7 Kxg7 32. Qg5+ Kf8 33. Bxh5 Qa4 34. b3 Qb4 35. Qf6 Rd7 36. Rxe6 Kg8 37. Qg5+ Kf8 38. Rh6 Qc3 39. Rxd5 Rad8 40. Rf6 Ne4 41. Rxf7+ Ke8 42. Qg8# 1-0

[Event "*** Titled Tuesday Blitz"]
[Site "Chess.com"]
[Date "2020.10.27"]
[Round "9"]
[White "XDPS"]
[Black "Borsuk_Konstantin"]
[Result "0-1"]
[WhiteElo "2727"]
[BlackElo "2584"]
[TimeControl "180+1"]
[EndTime "11:45:29 PDT"]
[Termination "Borsuk_Konstantin won on time"]

1. d4 Nf6 2. Bf4 b6 3. h3 Bb7 4. e3 d6 5. Nf3 Nbd7 6. Bh2 e6 7. Bd3 a6 8. c4 Qe7 9. Nc3 e5 10. Bc2 g6 11. O-O Bg7 12. Re1 e4 13. Nd2 O-O 14. b4 c5 15. bxc5 dxc5 16. Nb3 Rac8 17. dxc5 Nxc5 18.
Bd6 Qe6 19. Nxc5 bxc5 20. Bxf8 Rxf8 21. Bb3 Nd7 22. Qc2 f5 23. Rad1 Ne5 24. Nd5 g5 25. Rd2 Kh8 26. Red1 Qh6 27. Nc3 Nf3+ 28. Kf1 Nxd2+ 29.
Qxd2 g4 30. Kg1 gxh3 31. g3 f4 32. exf4 h2+ 0-1

[Event "*** Titled Tuesday Blitz"]
[Site "Chess.com"]
[Date "2020.10.27"]
[Round "9"]
[White "TurboSteen"]
[Black "Mbneu"]
[Result "0-1"]
[WhiteElo "2038"]
[BlackElo "2192"]
[TimeControl "180+1"]
[EndTime "11:45:29 PDT"]
[Termination "Mbneu won by resignation"]

1. e4 c5 2. Nc3 a6 3. Nge2 b5 4. g3 Bb7 5. Bg2 e6 6. O-O h5 7.
d4 h4 8. d5 b4 9. Na4 d6 10. c3 bxc3 11. Naxc3 e5 12. f4 Nd7 13. Qa4 hxg3 14. Nxg3 Qh4 15. Nf5 Qxh2+ 16. Kf2 g6 17. Rh1 Qxh1 18. Bxh1 Rxh1 19. fxe5 gxf5 20. e6 fxe6 21. dxe6 O-O-O 22. exd7+ Rxd7 23. Rb1 fxe4 24. Be3 Rh2+ 25. Kg3 Rhh7 26. Nxe4 Rdg7+ 27. Kf2 Rh2+ 28. Ke1 Rh1+ 29. Kd2 Rxb1 30. Qe8+ Kc7 31. Qxf8 Rg2+ 32.
Nf2 Rxb2+ 33. Kc3 Rxa2 34. Qf7+ Kb6 35. Qb3+ Ka7 36. Qe6 Ra3+ 37. Kd2 Rxe3 38. Qxe3 Nf6 39. Kc3 Rxf2 40. Qxf2 Ne4+ 0-1

[Event "*** Titled Tuesday Blitz"]
[Site "Chess.com"]
[Date "2020.10.27"]
[Round "9"]
[White "SergeyKarjakin"]
[Black "Oleksandr_Bortnyk"]
[Result "1-0"]
[WhiteElo "3012"]
[BlackElo "2909"]
[TimeControl "180+1"]
[EndTime "11:45:30 PDT"]
[Termination "SergeyKarjakin won by checkmate"]

1. e4 Nf6 2. e5 Nd5 3. d4 d6 4. Nf3 dxe5 5. Nxe5 c6 6. Be2 Bf5 7. O-O Nd7 8. Nf3 e6 9. c4 N5f6 10. Nc3 Bd6 11. Nh4 Bg6 12. g3 O-O 13. Be3 Re8 14.
Qb3 Qc7 15. Nxg6 hxg6 16. Rfd1 a5 17. Rac1 Bb4 18. Na4 Bf8 19. d5 e5 20. Nb6 Rad8 21. c5 cxd5 22. Nxd5 Nxd5 23. Rxd5 Nf6 24. Rxd8 Rxd8 25.
c6 bxc6 26. Bb6 Qd7 27. Bxd8 Qxd8 28. Rxc6 Qd2 29. Bc4 e4 30. Bxf7+ Kh7 31. Qc2 Qd4 32. Kg2 Bb4 33. a3 Be1 34. Qe2 Bd2 35. Rc2 e3 36.
Rc4 Qd7 37. Rh4+ Nh5 38. Qxh5+ gxh5 39. Rxh5# 1-0

[Event "*** Titled Tuesday Blitz"]
[Site "Chess.com"]
[Date "2020.10.27"]
[Round "9"]
[White "pedromartinez91"]
[Black "RD4ever"]
[Result "0-1"]
[WhiteElo "2626"]
[BlackElo "2810"]
[TimeControl "180+1"]
[EndTime "11:45:30 PDT"]
[Termination "RD4ever won on time"]

1. b3 e5 2. Bb2 Nc6 3. e3 Nf6 4. Bb5 e4 5. Ne2 Bd6 6. Bxc6 dxc6 7. Ng3 h5 8. Nc3 Qe7 9. d3 Bg4 10. Qd2 exd3 11. cxd3 O-O-O 12. Nge4 Nxe4 13. Nxe4 Be5 14. O-O Bf5 15. Qa5 Bxe4 16. Bxe5 Bxd3 17. Rfd1 Kb8 18. Bd4 Ba6 19. Rac1 Rd5 20. Qc3 f6 21. Bc5 Qd7 22. Rxd5 Qxd5 23. b4 b6 24. Bd4 Bb7 25. f3 Re8 26. h3 Qxa2 27. Ra1 Qd5 28. Qa3 a6 29. Kf2 Qd6 30. Qc3 Re6 31. Rd1 g5 32. Rd2 Qe7 33.
e4 g4 34. hxg4 hxg4 35. Be3 gxf3 36. gxf3 f5 37. Qh8+ Ka7 0-1